3AAA
HIALEAH DODOS @ SYLVANIA MAPLE LEAVES
05/22/2017
 
TOP OF THE 1ST
Hialeah Dodos batting - Pitching for Sylvania Maple Leaves : RHP José Ramírez
Pitching: RHP José Ramírez
Batting: RHB Brian King 0-0: Swinging Strike
0-1: Ground out 5-3 (Groundball, 5)
Batting: RHB Mitch Jensen 0-0: Ball
1-0: Foul Ball, location: 2F
1-1: Foul Ball, location: 2F
1-2: Ball
2-2: Foul Ball, location: 2F
2-2: TRIPLE (Flyball, 8RXD)
Batting: SHB Daryl Moore 0-0: Called Strike
0-1: Foul Ball, location: 2F
0-2: Strikes out swinging
Batting: RHB Joe Guy 0-0: Ball
1-0: Foul Ball, location: 2F
1-1: Swinging Strike
1-2: SINGLE (Groundball, 5L)
Mitch Jensen scores
Batting: LHB José Alvia 0-0: Foul Ball, location: 2F
0-1: Ball
1-1: Ball
2-1: Ball
3-1: Swinging Strike
3-2: Strikes out swinging
Top of the 1st over - 1 run(s), 2 hit(s), 0 error(s), 1 left on base; Hialeah 1 - Sylvania 0
BOTTOM OF THE 1ST
Sylvania Maple Leaves batting - Pitching for Hialeah Dodos : LHP Bubba Foster
Pitching: LHP Bubba Foster
Batting: RHB Kenny Norton 0-0: Ball
1-0: Ball
2-0: Foul Ball, location: 2F
2-1: Foul Ball, location: 2F
2-2: Foul Ball, location: 2F
2-2: Ball
3-2: Base on Balls
Batting: RHB Bartolo García 0-0: Ball
1-0: Swinging Strike
1-1: Ball
2-1: Called Strike
2-2: Strikes out swinging
Batting: RHB Bernardo Márquez 0-0: Ball
1-0: Called Strike
1-1: Ball
2-1: Fly out, F4 (Popup, 4MD)
Batting: RHB Harris Harden 0-0: Ball
1-0: Ball
2-0: SINGLE (Line Drive, 4D)
Kenny Norton to second
Batting: RHB Yao-qing Ya 0-0: Called Strike
0-1: Fielders Choice at 2nd, 6-4 (Groundball, 6)
Bottom of the 1st over - 0 run(s), 1 hit(s), 0 error(s), 1 left on base; Hialeah 1 - Sylvania 0
TOP OF THE 2ND
Hialeah Dodos batting - Pitching for Sylvania Maple Leaves : RHP José Ramírez
Batting: RHB Luis Trujillo 0-0: Called Strike
0-1: Ball
1-1: Ball
2-1: Ground out 4-3 (Groundball, 4)
Batting: LHB Jeff Conklin 0-0: Swinging Strike
0-1: Ball
1-1: Ball
2-1: Ball
3-1: Base on Balls
Batting: RHB Ed Lee 0-0: Called Strike
0-1: Foul Ball, location: 2F
0-2: Ball
1-2: Ball
2-2: Ball
3-2: Strikes out swinging
Batting: RHB Ji-chol Yang 0-0: Ball
1-0: Called Strike
Jeff Conklin steals 2nd base
1-1: DOUBLE (Flyball, 89D)
Jeff Conklin scores
Batting: RHB Brian King 0-0: Ball
1-0: Ball
2-0: Swinging Strike
2-1: Called Strike
2-2: Strikes out swinging
Top of the 2nd over - 1 run(s), 1 hit(s), 0 error(s), 1 left on base; Hialeah 2 - Sylvania 0
BOTTOM OF THE 2ND
Sylvania Maple Leaves batting - Pitching for Hialeah Dodos : LHP Bubba Foster
Batting: RHB José Valdéz 0-0: Called Strike
0-1: Swinging Strike
0-2: Foul Ball, location: 2F
0-2: Ball
1-2: SINGLE (Line Drive, 56)
Batting: LHB Chris Randolph 0-0: Ball
1-0: Swinging Strike
1-1: Ball
2-1: Fly out, F8 (Flyball, 8LM)
Batting: LHB Clyde Palmer 0-0: Called Strike
0-1: Ball
1-1: 2-RUN HOME RUN (Flyball, 8LXD), Distance : 440 ft
Batting: RHB Jim Unknown 0-0: Foul Ball, location: 2F
0-1: Foul Ball, location: 2F
0-2: Foul Ball, location: 2F
0-2: Fly out, F5 (Popup, 5)
Batting: RHB Kenny Norton 0-0: Ground out 4-3 (Groundball, 4)
Bottom of the 2nd over - 2 run(s), 2 hit(s), 0 error(s), 0 left on base; Hialeah 2 - Sylvania 2
TOP OF THE 3RD
Hialeah Dodos batting - Pitching for Sylvania Maple Leaves : RHP José Ramírez
Batting: RHB Mitch Jensen 0-0: Called Strike
0-1: Ball
1-1: Ball
2-1: Foul Ball, location: 2F
2-2: Ball
3-2: Foul Ball, location: 2F
3-2: Ground out 1-3 (Groundball, 15S)
Batting: SHB Daryl Moore 0-0: Called Strike
0-1: Foul Ball, location: 2F
0-2: Ball
1-2: Ground out 4-3 (Groundball, 34)
Batting: RHB Joe Guy 0-0: Ball
1-0: Foul Ball, location: 2F
1-1: Foul Ball, location: 2F
1-2: Foul Ball, location: 2F
1-2: Strikes out swinging
Top of the 3rd over - 0 run(s), 0 hit(s), 0 error(s), 0 left on base; Hialeah 2 - Sylvania 2
BOTTOM OF THE 3RD
Sylvania Maple Leaves batting - Pitching for Hialeah Dodos : LHP Bubba Foster
Batting: RHB Bartolo García 0-0: Ball
1-0: Ball
2-0: Foul Ball, location: 2F
2-1: Fly out, F8 (Flyball, 8LM)
Batting: RHB Bernardo Márquez 0-0: Ball
1-0: Fly out, F9 (Flyball, 9LS)
Batting: RHB Harris Harden 0-0: Foul Ball, location: 2F
0-1: Swinging Strike
0-2: Ball
1-2: Ground out 5-3 (Groundball, 5L)
Bottom of the 3rd over - 0 run(s), 0 hit(s), 0 error(s), 0 left on base; Hialeah 2 - Sylvania 2
TOP OF THE 4TH
Hialeah Dodos batting - Pitching for Sylvania Maple Leaves : RHP José Ramírez
Batting: LHB José Alvia 0-0: Ball
1-0: SINGLE (Groundball, 34D)
Batting: RHB Luis Trujillo 0-0: Foul Ball, location: 2F
0-1: Ball
1-1: Swinging Strike
1-2: Ball
2-2: Ball
3-2: Base on Balls
José Alvia to second
Batting: LHB Jeff Conklin 0-0: Ball
1-0: Ball
2-0: Called Strike
2-1: SINGLE (Groundball, 4MD)
José Alvia to third
Luis Trujillo to second
Batting: RHB Ed Lee 0-0: Foul Ball, location: 2F
0-1: Fly out, F9 (Flyball, 89XD)
Runner from 3rd tags up, SCORES, no throw
Batting: RHB Ji-chol Yang 0-0: Called Strike
0-1: Ball
1-1: DOUBLE (Line Drive, 89M)
Luis Trujillo scores
Jeff Conklin to third
Runner from 3rd tries for Home, SAFE, no throw or cutoff
Pitching: RHP Paul Nance
Batting: RHB Brian King 0-0: Ball
1-0: Foul Ball, location: 2F
1-1: Ball
2-1: Foul Ball, location: 2F
2-2: Ball
3-2: Strikes out swinging
Batting: RHB Mitch Jensen 0-0: Ball
1-0: Foul Ball, location: 2F
1-1: Called Strike
1-2: Strikes out swinging
Top of the 4th over - 3 run(s), 3 hit(s), 0 error(s), 1 left on base; Hialeah 5 - Sylvania 2
BOTTOM OF THE 4TH
Sylvania Maple Leaves batting - Pitching for Hialeah Dodos : LHP Bubba Foster
Batting: RHB Yao-qing Ya 0-0: Ball
1-0: Ball
2-0: Ball
3-0: Called Strike
3-1: SINGLE (Groundball, 6MD)
Batting: RHB José Valdéz 0-0: Swinging Strike
0-1: Ball
1-1: Swinging Strike
1-2: Ball
2-2: Strikes out looking
Batting: LHB Chris Randolph 0-0: Called Strike
0-1: Foul Ball, location: 2F
0-2: Ball
1-2: Fly out, F7 (Flyball, 78S)
Batting: LHB Clyde Palmer 0-0: Ground out 3-1 (Groundball, 34)
Bottom of the 4th over - 0 run(s), 1 hit(s), 0 error(s), 1 left on base; Hialeah 5 - Sylvania 2
TOP OF THE 5TH
Hialeah Dodos batting - Pitching for Sylvania Maple Leaves : RHP Paul Nance
Batting: SHB Daryl Moore 0-0: Fly out, F8 (Flyball, 8LM)
Batting: RHB Joe Guy 0-0: Foul Ball, location: 2F
0-1: Ball
1-1: Swinging Strike
1-2: Ball
2-2: Ball
3-2: Base on Balls
Batting: LHB José Alvia 0-0: Ball
1-0: Ball
2-0: Fly out, F4 (Line Drive, 4D)
Batting: RHB Luis Trujillo 0-0: Ball
Joe Guy steals 2nd base
1-0: Ball
2-0: Foul Ball, location: 2F
2-1: Ball
3-1: Fly out, F8 (Flyball, 8LXD)
Top of the 5th over - 0 run(s), 0 hit(s), 0 error(s), 1 left on base; Hialeah 5 - Sylvania 2
BOTTOM OF THE 5TH
Sylvania Maple Leaves batting - Pitching for Hialeah Dodos : LHP Bubba Foster
Batting: RHB Jim Unknown 0-0: Called Strike
0-1: Ball
1-1: Called Strike
1-2: Ground out 4-3 (Groundball, 4)
Batting: RHB Kenny Norton 0-0: Foul Ball, location: 2F
0-1: DOUBLE (Flyball, 78M)
Batting: RHB Bartolo García 0-0: Ball
1-0: Ball
2-0: Ball
3-0: Base on Balls
Batting: RHB Bernardo Márquez 0-0: Ball
1-0: Fly out, F9 (Line Drive, 9M)
Batting: RHB Harris Harden 0-0: Called Strike
0-1: Ground out 6-3 (Groundball, 6)
Bottom of the 5th over - 0 run(s), 1 hit(s), 0 error(s), 2 left on base; Hialeah 5 - Sylvania 2
TOP OF THE 6TH
Hialeah Dodos batting - Pitching for Sylvania Maple Leaves : RHP Paul Nance
Batting: LHB Jeff Conklin 0-0: Ball
1-0: Ball
2-0: Ball
3-0: Called Strike
3-1: Swinging Strike
3-2: Base on Balls
Batting: RHB Ed Lee 0-0: Ball
1-0: Ball
2-0: Fly out, F3 (Popup, 3DF)
Batting: RHB Ji-chol Yang 0-0: Called Strike
Throwing error on steal attempt, E2
Jeff Conklin to third
0-1: Foul Ball, location: 2F
0-2: Ball
1-2: Strikes out looking
Batting: RHB Brian King 0-0: Ball
1-0: Foul Ball, location: 2F
1-1: Swinging Strike
1-2: Strikes out swinging
Top of the 6th over - 0 run(s), 0 hit(s), 1 error(s), 1 left on base; Hialeah 5 - Sylvania 2
BOTTOM OF THE 6TH
Sylvania Maple Leaves batting - Pitching for Hialeah Dodos : LHP Bubba Foster
Batting: RHB Yao-qing Ya 0-0: Ball
1-0: Ball
2-0: Ground out 5-3 (Groundball, 56)
Batting: RHB José Valdéz 0-0: Fly out, F8 (Flyball, 8LM)
Batting: LHB Chris Randolph 0-0: Ball
1-0: Fly out, F7 (Flyball, 7LS)
Bottom of the 6th over - 0 run(s), 0 hit(s), 0 error(s), 0 left on base; Hialeah 5 - Sylvania 2
TOP OF THE 7TH
Hialeah Dodos batting - Pitching for Sylvania Maple Leaves : RHP Paul Nance
Pitching: RHP Abel Blok
Batting: RHB Mitch Jensen 0-0: Ground out 6-3 (Groundball, 6)
Batting: SHB Daryl Moore 0-0: SINGLE (Groundball, 2L) (infield hit)
Batting: RHB Joe Guy 0-0: Hit by Pitch
Daryl Moore to second
Batting: LHB José Alvia 0-0: Ball
1-0: Called Strike
1-1: Swinging Strike
1-2: Ball
2-2: Ball
3-2: Foul Ball, location: 2F
3-2: Base on Balls
Daryl Moore to third
Joe Guy to second
Pinch Hitting: LHB Craig Lovins 0-0: Called Strike
0-1: Fly out, F7 (Flyball, 78S)
Batting: LHB Jeff Conklin 0-0: Ball
1-0: Called Strike
1-1: Foul Ball, location: 2F
1-2: Ball
2-2: Foul Ball, location: 2F
2-2: Strikes out swinging
Top of the 7th over - 0 run(s), 1 hit(s), 0 error(s), 3 left on base; Hialeah 5 - Sylvania 2
BOTTOM OF THE 7TH
Sylvania Maple Leaves batting - Pitching for Hialeah Dodos : LHP Bubba Foster
Now in RF: Craig Lovins
Batting: LHB Clyde Palmer 0-0: Called Strike
0-1: Fly out, F7 (Flyball, 7M)
Batting: RHB Jim Unknown 0-0: Ball
1-0: Called Strike
1-1: Ball
2-1: SOLO HOME RUN (Flyball, 8LXD), Distance : 440 ft
Batting: RHB Kenny Norton 0-0: Foul Ball, location: 2F
0-1: Ball
1-1: Foul Ball, location: 2F
1-2: Strikes out swinging
Batting: RHB Bartolo García 0-0: Foul Ball, location: 2F
0-1: SINGLE (Flyball, 8LS)
Batting: RHB Bernardo Márquez 0-0: Ball
1-0: Ball
2-0: Called Strike
2-1: Called Strike
2-2: Fly out, F3 (Popup, 3SF)
Bottom of the 7th over - 1 run(s), 2 hit(s), 0 error(s), 1 left on base; Hialeah 5 - Sylvania 3
TOP OF THE 8TH
Hialeah Dodos batting - Pitching for Sylvania Maple Leaves : RHP Abel Blok
Batting: RHB Ed Lee 0-0: Called Strike
0-1: Fly out, F4 (Popup, 34)
Batting: RHB Ji-chol Yang 0-0: Swinging Strike
0-1: Ball
1-1: Foul Ball, location: 2F
1-2: Ball
2-2: Ball
3-2: Fly out, F7 (Flyball, 7M)
Batting: RHB Brian King 0-0: Ball
1-0: Foul Ball, location: 2F
1-1: Ground out 5-3 (Groundball, 5S)
Top of the 8th over - 0 run(s), 0 hit(s), 0 error(s), 0 left on base; Hialeah 5 - Sylvania 3
BOTTOM OF THE 8TH
Sylvania Maple Leaves batting - Pitching for Hialeah Dodos : LHP Bubba Foster
Pitching: RHP Jesús González
Batting: RHB Harris Harden 0-0: Ball
1-0: Ball
2-0: Swinging Strike
2-1: Fly out, F3 (Popup, 9LSF)
Batting: RHB Yao-qing Ya 0-0: Ball
1-0: Foul Ball, location: 2F
1-1: Called Strike
1-2: DOUBLE (Line Drive, 7M)
Pitching: RHP Martin Benthall
Batting: RHB José Valdéz 0-0: Fly out, F8 (Line Drive, 8RM)
Pitching: LHP Ben Flowers
Batting: LHB Chris Randolph 0-0: Ball
1-0: Ball
2-0: Ball
3-0: Called Strike
3-1: Base on Balls
Pitching: RHP Kevin Fields
Pinch Hitting: LHB Daniel Ruíz 0-0: Ball
1-0: Foul Ball, location: 2F
1-1: Called Strike
1-2: Foul Ball, location: 2F
1-2: Ground out U3 (Groundball, 3)
Bottom of the 8th over - 0 run(s), 1 hit(s), 0 error(s), 2 left on base; Hialeah 5 - Sylvania 3
TOP OF THE 9TH
Hialeah Dodos batting - Pitching for Sylvania Maple Leaves : RHP Abel Blok
Pitching: RHP Jim Unknown
Now in LF: Daniel Ruíz
Batting: RHB Mitch Jensen 0-0: Ball
1-0: Ground out 1-3 (Groundball, 13S)
Pitching: RHP Kenny DeBenham
Batting: SHB Daryl Moore 0-0: Called Strike
0-1: Ball
1-1: Foul Ball, location: 2F
1-2: Ground out 4-3 (Groundball, 4)
Batting: RHB Joe Guy 0-0: SOLO HOME RUN (Flyball, 7D), Distance : 375 ft
Batting: LHB José Alvia 0-0: Foul Ball, location: 2F
0-1: Foul Ball, location: 2F
0-2: Strikes out swinging
Top of the 9th over - 1 run(s), 1 hit(s), 0 error(s), 0 left on base; Hialeah 6 - Sylvania 3
BOTTOM OF THE 9TH
Sylvania Maple Leaves batting - Pitching for Hialeah Dodos : RHP Kevin Fields
Pitching: RHP Florim Zhulati
Batting: RHB Jim Unknown 0-0: Called Strike
0-1: Ball
1-1: Ball
2-1: Foul Ball, location: 2F
2-2: Foul Ball, location: 2F
2-2: Ball
3-2: Base on Balls
Batting: RHB Kenny Norton 0-0: Called Strike
0-1: Fly out, F8 (Flyball, 8LM)
Batting: RHB Bartolo García 0-0: Called Strike
0-1: Foul Ball, location: 2F
0-2: Ball
1-2: Ball
2-2: Foul Ball, location: 2F
2-2: Fly out, F7 (Flyball, 7D)
Batting: RHB Bernardo Márquez 0-0: Ground out 6-3 (Groundball, 6)
Bottom of the 9th over - 0 run(s), 0 hit(s), 0 error(s), 1 left on base; Hialeah 6 - Sylvania 3
This league is powered by Out of the Park Baseball, the baseball management simulation game for PC, Mac and Linux
Saturday, February 27th, 2021 - OOTP Baseball 15.6 Build 34